 Dungeon Crawl Stone Soup version 0.29.1-2-gbd0b4ee654 (webtiles) character file.

Game seed: 6110809976454629845

731 hawla the Chiller (level 7, -3/51 HPs)
             Began as a Gnoll Ice Elementalist on Nov 24, 2022.
             Slain by Duvessa
             ... wielding a +0 short sword
              (13 damage)
             ... on level 4 of the Dungeon.
             The game lasted 00:08:33 (3777 turns).

hawla the Chiller (Gnoll Ice Elementalist)          Turns: 3777, Time: 00:08:34

Health: -3/51      AC:  2    Str:  7    XL:     7   Next: 73%
Magic:  15/15      EV: 17    Int: 17    God:
Gold:   129        SH:  5    Dex: 12    Spells: 13/17 levels left

rFire   . . .      SeeInvis .   w - +0 quarterstaff (spect)
rCold   . . .      Faith    .   (shield currently unavailable)
rNeg    . . .      Spirit   .   a - +0 robe
rPois   .          Reflect  +   (no helmet)
rElec   .          Harm     .   (no cloak)
rCorr   .          Rampage  .   (no gloves)
Will    .....                   (no boots)
Stlth   +++.......              k - amulet of reflection
HPRegen 0.17/turn               m - +4 ring of evasion
MPRegen 0.14/turn               p - +4 ring of slaying

@: no status effects
A: fangs 1, strong nose, distributed training
a: no special abilities


You were on level 4 of the Dungeon.
You visited 1 branch of the dungeon, and saw 5 of its levels.

You collected 129 gold pieces.

Inventory:

Hand Weapons
 g - a +1 dagger of venom
 r - a +4 dagger
 u - a +0 quarterstaff
 w - a +0 spectral quarterstaff (weapon)
Missiles
 x - a boomerang
Armour
 a - a +0 robe (worn)
Jewellery
 k - an amulet of reflection (around neck)
 m - a +4 ring of evasion (left hand)
 p - a +4 ring of slaying (right hand)
Scrolls
 c - a scroll of torment {unknown}
 f - 2 scrolls of teleportation
 h - a scroll of identify
 j - a scroll of immolation {unknown}
 l - a scroll of acquirement {unknown}
 q - a scroll of noise {unknown}
 s - a scroll of vulnerability {unknown}
 t - 2 scrolls of magic mapping {unknown}
Potions
 b - 2 potions of magic
 d - a potion of curing
 e - a potion of mutation {unknown}
 i - a potion of attraction
 n - a potion of might
 o - 2 potions of haste
 v - a potion of heal wounds {unknown}


   Skills:
 + Level 2.8 Fighting
 + Level 2.8 Short Blades
 + Level 2.8 Long Blades
 + Level 2.8 Axes
 + Level 2.8 Maces & Flails
 + Level 2.8 Polearms
 + Level 2.8 Staves
 + Level 2.8 Ranged Weapons
 + Level 2.8 Throwing
 + Level 2.8 Armour
 + Level 5.4 Dodging
 + Level 5.1 Stealth
 + Level 2.8 Shields
 + Level 2.8 Unarmed Combat
 + Level 5.8 Spellcasting
 + Level 2.2 Conjurations
 + Level 2.2 Hexes
 + Level 2.2 Summonings
 + Level 2.2 Necromancy
 + Level 2.2 Translocations
 + Level 2.2 Transmutations
 + Level 2.2 Fire Magic
 + Level 7.5 Ice Magic
 + Level 2.2 Air Magic
 + Level 2.2 Earth Magic
 + Level 2.2 Poison Magic
 + Level 3.1 Invocations
 + Level 2.8 Evocations


You had 13 spell levels left.
You knew the following spells:

 Your Spells              Type           Power      Damage    Failure   Level
a - Freeze                Ice            100%       1d11      1%          1
b - Frozen Ramparts       Ice            60%        1d10      1%          3

Your spell library contained the following spells:

 Spells                   Type           Power      Damage    Failure   Level
 Ozocubu's Armour         Ice            30%        N/A       1%          3
 Magic Dart               Conj           48%        1d5       5%          1
 Call Imp                 Summ           12%        N/A       8%          2
 Mephitic Cloud           Conj/Pois/Air  12%        N/A       16%         3
 Portal Projectile        Hex/Tloc       24%        N/A       16%         3
 Tukima's Dance           Hex            12%        N/A       16%         3
 Hailstorm                Conj/Ice       21%        3d6       17%         4
 Blade Hands              Tmut           6%         N/A       82%         5


Dungeon Overview and Level Annotations

Branches:
Dungeon (5/15)
 Temple: D:4-7

Altars:

Annotations:
D:4 Duvessa


Innate Abilities, Weirdness & Mutations

You have very sharp teeth.
Your uncanny sense of smell can sniff out nearby items.
Your experience applies equally to all skills.


Message History

You barely miss the iguana.
The iguana is severely wounded.
Your +0 spectral quarterstaff hits the iguana.
You kill the iguana!
Duvessa, Sister of Dowan comes into view.
She is wielding a +0 short sword and carrying a wand of roots (11).
Duvessa is nearby!
Duvessa is nearby!
A hobgoblin comes into view.
Duvessa goes berserk!
The hobgoblin shouts!
A kobold comes into view. It is wielding a +0 dagger.
The kobold shouts!
Duvessa rages.
Unknown command.
Casting: Frozen Ramparts (safe; 1% risk of failure)
Confirm with . or Enter, or press ? or * to list all spells.
Casting: Frozen Ramparts (safe; 1% risk of failure)
Press: ? - help, Dir - look around, f - activate
Okay, then.
Duvessa rages.
Duvessa attacks as you move away! Duvessa barely misses you.
Duvessa hits you with a +0 short sword. Duvessa attacks as you move away!
Duvessa hits you with a +0 short sword!
You see here a scroll of identify.
As you read the scroll of teleportation, it crumbles to dust.
You feel strangely unstable. Duvessa misses you. You block Duvessa's attack.
Duvessa attacks as you move away! Duvessa hits you with a +0 short sword.
Duvessa hits you with a +0 short sword! Duvessa attacks as you move away!
Duvessa closely misses you.
Your surroundings seem slightly different.
Duvessa barely misses you. Duvessa misses you.
Duvessa attacks as you move away! You block Duvessa's attack.
Duvessa completely misses you. Duvessa attacks as you move away!
Duvessa hits you with a +0 short sword!
* * * LOW HITPOINT WARNING * * *
Duvessa rages.
You feel better. You block Duvessa's attack.
Duvessa hits you with a +0 short sword!
You die...

.. ∆ .# #. .## #..
###..#.....
###.#..#.....
###............
###................
#.......@..........
##......e............
##>##>.g.............
###..K.....?..#.....
## #...........#.....
##..###...............
#.....)).?............
#.....)†.............
#...#..#.............


You could see Duvessa (berserk), a hobgoblin and a kobold.

Vanquished Creatures
  An ice beast (D:5)
  A black bear (D:4)
  A scorpion (D:4)
  Dowan (D:4)
  2 howler monkeys (D:5)
  3 hounds
  3 iguanas
  Ijyb (D:4)
  Natasha (twice) (D:4)
  3 adders
  A shadow imp (D:5)
  2 ufetubi (D:5)
  3 dart slugs
  5 orcs (D:5)
  6 endoplasms
  A giant cockroach (D:1)
  6 goblins
  6 hobgoblins
  2 jackals (D:1)
  9 kobolds
  5 quokkas
  5 ball pythons
  6 bats
  A frilled lizard (D:2)
  3 rats
79 creatures vanquished.

Notes
Turn   | Place    | Note
-------+----------+-------------------------------------------
     0 | D:1      | hawla the Gnoll Ice Elementalist began the quest for the
                  | Orb.
     0 | D:1      | Reached XP level 1. HP: 13/13 MP: 6/6
   255 | D:1      | Reached XP level 2. HP: 18/19 MP: 3/7
   828 | D:1      | Reached skill level 5 in Spellcasting
   828 | D:1      | Reached XP level 3. HP: 25/25 MP: 6/9
  1150 | D:1      | Reached skill level 1 in Invocations
  1660 | D:2      | Reached skill level 1 in Fighting
  1660 | D:2      | Reached skill level 1 in Short Blades
  1660 | D:2      | Reached skill level 1 in Long Blades
  1660 | D:2      | Reached skill level 1 in Axes
  1660 | D:2      | Reached skill level 1 in Maces & Flails
  1660 | D:2      | Reached skill level 1 in Polearms
  1660 | D:2      | Reached skill level 1 in Staves
  1660 | D:2      | Reached skill level 1 in Ranged Weapons
  1660 | D:2      | Reached skill level 1 in Throwing
  1660 | D:2      | Reached skill level 1 in Armour
  1660 | D:2      | Reached skill level 1 in Shields
  1660 | D:2      | Reached skill level 1 in Unarmed Combat
  1660 | D:2      | Reached skill level 1 in Evocations
  1934 | D:2      | Reached skill level 1 in Conjurations
  1934 | D:2      | Reached skill level 1 in Hexes
  1934 | D:2      | Reached skill level 1 in Summonings
  1934 | D:2      | Reached skill level 1 in Necromancy
  1934 | D:2      | Reached skill level 1 in Translocations
  1934 | D:2      | Reached skill level 1 in Transmutations
  1934 | D:2      | Reached skill level 1 in Fire Magic
  1934 | D:2      | Reached skill level 1 in Air Magic
  1934 | D:2      | Reached skill level 1 in Earth Magic
  1934 | D:2      | Reached skill level 1 in Poison Magic
  1934 | D:2      | Reached XP level 4. HP: 14/32 MP: 4/11
  2678 | D:3      | You fall into a shaft and drop 2 floors!
  2678 | D:5      | Entered Level 5 of the Dungeon
  2714 | D:5      | Reached XP level 5. HP: 37/37 MP: 12/12
  2718 | D:5      | Learned a level 3 spell: Frozen Ramparts
  2775 | D:5      | Reached XP level 6. HP: 27/44 MP: 8/13
  2784 | D:5      | Reached skill level 5 in Dodging
  3194 | D:5      | Noticed an ice beast
  3207 | D:5      | Killed an ice beast
  3494 | D:5      | Reached XP level 7. HP: 37/50 MP: 15/15
  3634 | D:4      | Noticed Natasha
  3639 | D:4      | Killed Natasha
  3657 | D:4      | Noticed Natasha
  3663 | D:4      | Killed Natasha
  3667 | D:4      | Noticed Ijyb
  3667 | D:4      | Noticed Dowan
  3668 | D:4      | Reached skill level 5 in Stealth
  3686 | D:4      | Killed Ijyb
  3687 | D:4      | Killed Dowan
  3762 | D:4      | Noticed Duvessa
  3777 | D:4      | Slain by Duvessa

Illustrated notes

Levels and vault maps discovered:
D:1:      ncdulo_wetmaze, layout_loops_corners, hangedman_decor_diamond_cutter
D:2:      layout_loops_ring
D:3:      minmay_general_purpose_star, layout_rooms, elyvilon_altar_5
D:4:      layout_cave_pools, marbit_many_paths, minmay_misc_feat_encased,
          uniq_ijyb, uniq_natasha, uniq_duvessa
D:5:      layout_rooms, st_stairs_9

Skill      XL: |  1  2  3  4  5  6  7 |
---------------+----------------------+-----
Spellcasting   | 5 |  5.8
Invocations    | 1 2 3 |  3.1
Fighting       | 1 2 |  2.8
Short Blades   | 1 2 |  2.8
Long Blades    | 1 2 |  2.8
Axes           | 1 2 |  2.8
Maces & Flails | 1 2 |  2.8
Polearms       | 1 2 |  2.8
Staves         | 1 2 |  2.8
Ranged Weapons | 1 2 |  2.8
Throwing       | 1 2 |  2.8
Armour         | 1 2 |  2.8
Shields        | 1 2 |  2.8
Unarmed Combat | 1 2 |  2.8
Evocations     | 1 2 |  2.8
Conjurations   | 1 2 |  2.2
Hexes          | 1 2 |  2.2
Summonings     | 1 2 |  2.2
Necromancy     | 1 2 |  2.2
Translocations | 1 2 |  2.2
Transmutations | 1 2 |  2.2
Fire Magic     | 1 2 |  2.2
Air Magic      | 1 2 |  2.2
Earth Magic    | 1 2 |  2.2
Poison Magic   | 1 2 |  2.2
Dodging        | 5 |  5.4
Stealth        | 5 |  5.1
Ice Magic      | |  7.5

Action                   |  1- 3 |  4- 6 |  7- 9 || total
-------------------------+-------+-------+-------++-------
Melee: Unarmed           |     4 |       |       ||     4
       Dagger            |    62 |    41 |       ||   103
       Bite              |     7 |     7 |     2 ||    16
       Punch             |     1 |       |       ||     1
       Quarterstaff      |       |    18 |    15 ||    33
 Cast: Freeze            |    35 |     4 |       ||    39
       Frozen Ramparts   |       |     3 |     2 ||     5
  Use: Scroll            |       |     4 |     1 ||     5
       Potion            |       |     2 |     2 ||     4
 Stab: Sleeping          |     5 |     1 |       ||     6
Armor: Robe              |    18 |     5 |       ||    23
       Skin              |       |     8 |       ||     8
Dodge: Dodged            |    59 |    27 |    19 ||   105
Block: Other             |    12 |    15 |     8 ||    35
       Reflection        |       |     1 |       ||     1
